Map: Blackburn LE

Players

DPGrogue (Rogue)

  • Race: Zerg Zerg

LiquidClem (Clem) - Winner!

  • Race: Terran Terran

Event: StayAtHome Story Cup #4

VOD

Have the link to the VOD?

Description

Time

  • Played on: Oct. 22, 2021, 10:36 a.m.
  • Length: 9:02

All games in this series

Show
View Real Time Build Order
Export as new Build Order

DPGrogue Zerg 

Build Orders: Hatch First 

Get SALT Encoding   

  12  0:00  Drone  
  13  0:12  Overlord  
  13  0:17  Drone  
  14  0:31  Drone x2  
  16  0:48  Hatchery  
  15  0:51  Drone  
  15  0:55  Drone  
  17  0:57  Drone  
  18  1:09  Extractor  
  17  1:13  Spawning Pool  
  17  1:16  Drone  
  17  1:20  Drone  
  18  1:29  Drone  
  19  1:39  Drone  
  20  1:47  Hatchery  
  19  1:50  Drone  
  20  2:01  Queen  
  22  2:08  Queen  
  22  2:11  Zergling x2  
  22  2:14  Zergling x2  
  26  2:17  Zergling x2  
  26  2:22  Overlord  
  27  2:25  Drone  
  28  2:41  Drone x3  
  28  2:43  Drone x2  
  35  2:53  Queen  
  35  3:00  Queen  
  35  3:01  Metabolic Boost  
  37  3:05  Overlord  
  37  3:08  Drone  
  37  3:11  Drone  
  39  3:14  Drone x2  
  39  3:17  Drone  
  42  3:22  Overlord  
  42  3:28  Queen  
  42  3:31  Drone x2  
  46  3:36  Drone x2  
  46  3:40  Queen  
  50  3:45  Overlord  
  50  3:48  Drone  
  50  3:49  Drone  
  50  3:53  Zergling x6  
  55  3:59  Drone x2  
  57  4:04  Drone  
  57  4:05  Drone x4  
  59  4:13  Overlord  
  59  4:15  Drone x3  
  59  4:16  Drone x2  
  64  4:18  Overlord  
  64  4:22  Overlord  
  61  4:26  Spore Crawler  
  60  4:32  Zergling x10  
  60  4:38  Drone  
  63  4:41  Drone  
  63  4:44  Extractor  
  58  4:49  Drone  
  58  4:50  Drone x7  
  63  4:55  Drone  
  63  4:56  Queen  
  65  5:01  Drone x2  
  65  5:02  Drone x2  
  65  5:04  Drone  
  70  5:08  Spore Crawler  
  70  5:12  Drone  
  71  5:14  Drone x4  
  71  5:15  Drone  
  71  5:20  Spore Crawler, Extractor x2  
  72  5:27  Hatchery  
  71  5:33  Drone  
  71  5:34  Drone x2  
  71  5:35  Evolution Chamber  
  73  5:42  Evolution Chamber  
  72  5:45  Zergling x6  
  72  5:46  Zergling x2  
  72  5:47  Drone x5  
  72  5:48  Drone  
  77  5:52  Zergling x4  
  77  5:54  Drone  
  74  6:03  Drone x3  
  72  6:06  Drone  
  72  6:08  Drone x2  
  75  6:11  Drone  
  75  6:17  Drone x2  
  75  6:18  Drone x5  
  81  6:24  Overlord  
  79  6:26  Zerg Ground Armor Level 1, Zerg Melee Weapons Level 1  
  79  6:30  Lair  
  77  6:34  Overlord  
  77  6:36  Overlord  
  77  6:41  Overlord  
  77  6:42  Overlord  
  76  6:50  Roach Warren  
  76  6:51  Drone x4, Extractor x2  
  77  6:59  Queen  
  77  7:00  Queen  
  81  7:03  Zergling x2  
  81  7:04  Zergling x8  
  83  7:08  Zergling x2  
  83  7:09  Zergling x6  
  82  7:18  Drone  
  82  7:19  Drone x6  
  82  7:21  Drone  
  85  7:23  Drone x2  
  85  7:27  Baneling Nest  
  85  7:29  Drone x2  
  85  7:30  Drone  
  86  7:37  Overlord x2, Spire  
  86  7:38  Drone  
  86  7:43  Overlord  
  86  7:47  Drone x2  
  86  7:49  Drone  
  89  7:52  Overlord x2  
  89  8:05  Hatchery  
  88  8:09  Zergling x12  
  88  8:11  Overlord  
  93  8:39  Hatchery  
  93  8:40  Baneling x6  
  92  8:41  Baneling x2  
  92  8:44  Zergling x12  
  92  8:45  Zergling x16  
Show
View Real Time Build Order
Export as new Build Order

LiquidClem Terran - Winner!

Build Orders: Gas First Reaper Expand, Hellion Opening 

Get SALT Encoding   

  12  0:00  SCV  
  13  0:12  SCV  
  14  0:17  Supply Depot  
  14  0:24  SCV  
  15  0:30  Refinery  
  15  0:39  SCV  
  16  0:44  Barracks  
  16  0:51  SCV  
  17  1:03  SCV  
  18  1:15  SCV  
  19  1:31  Reaper  
  19  1:32  Orbital Command  
  20  1:43  Command Center  
  20  1:54  Factory  
  20  1:58  SCV  
  21  2:07  Barracks Reactor  
  21  2:09  Supply Depot  
  21  2:13  SCV  
  22  2:18  Refinery  
  22  2:25  SCV  
  23  2:37  SCV  
  24  2:46  Starport  
  24  2:49  SCV  
  25  2:52  Hellion  
  25  2:53  Hellion  
  25  2:54  Marine  
  25  2:58  Orbital Command  
  30  3:01  SCV  
  31  3:14  Supply Depot  
  31  3:15  SCV  
  31  3:16  Hellion  
  31  3:19  Hellion  
  36  3:23  SCV  
  37  3:29  Fusion Core  
  37  3:31  SCV  
  38  3:38  SCV  
  38  3:40  Hellion  
  41  3:41  Hellion  
  41  3:45  Starport Tech Lab  
  41  3:46  SCV  
  44  3:49  Marine  
  44  3:50  SCV  
  44  3:52  Supply Depot  
  46  3:58  SCV  
  46  4:02  SCV  
  48  4:07  Hellion  
  48  4:10  SCV  
  48  4:12  Hellion  
  48  4:14  SCV  
  52  4:24  SCV, Battlecruiser  
  53  4:27  Supply Depot  
  53  4:28  SCV  
  60  4:35  Hellion  
  60  4:37  SCV  
  61  4:40  SCV  
  61  4:43  Barracks Tech Lab  
  61  4:44  Hellion  
  61  4:49  SCV  
  61  4:52  SCV  
  57  4:57  Command Center  
  57  5:01  SCV  
  57  5:02  Hellion  
  57  5:05  SCV  
  57  5:06  Hellion  
  63  5:08  Supply Depot  
  63  5:10  Stimpack  
  63  5:15  Barracks  
  63  5:17  Barracks  
  63  5:19  SCV  
  63  5:20  SCV  
  63  5:21  Marine  
  65  5:24  Supply Depot  
  65  5:28  Refinery x2  
  66  5:39  SCV x2  
  66  5:40  Hellion x2  
  72  5:42  Supply Depot  
  72  5:51  SCV  
  72  5:53  Battlecruiser  
  77  6:00  Supply Depot, SCV  
  77  6:01  Hellion x2, Marine  
  77  6:03  SCV  
  84  6:05  Barracks Reactor  
  85  6:11  Orbital Command  
  85  6:15  SCV  
  85  6:16  Barracks Reactor  
  85  6:19  Marine, Engineering Bay x2  
  85  6:22  SCV  
  85  6:25  Hellion  
  91  6:26  Hellion  
  91  6:27  SCV  
  92  6:34  Orbital Command  
  92  6:35  Barracks  
  92  6:36  Barracks  
  92  6:38  SCV  
  93  6:41  SCV  
  93  6:43  Marine  
  93  6:45  Supply Depot  
  95  6:49  Hellion  
  95  6:50  SCV  
  95  6:53  Terran Infantry Weapons Level 1, Terran Infantry Armor Level 1  
  95  6:54  Marine  
  98  6:59  Marine  
  98  7:00  SCV  
  102  7:01  SCV  
  102  7:02  Marine  
  102  7:03  SCV  
  102  7:08  Marine  
  102  7:10  Marine  
  102  7:14  SCV  
  103  7:16  Marine  
  103  7:17  Marine  
  99  7:23  Combat Shield  
  99  7:24  SCV  
  99  7:25  Barracks Reactor  
  99  7:26  Barracks Reactor  
  99  7:27  Marine  
  99  7:28  Marine x2  
  99  7:29  SCV  
  102  7:32  Barracks x2  
  102  7:33  Barracks  
  102  7:34  Marine  
  102  7:36  SCV  
  102  7:39  Marine  
  102  7:40  SCV  
  104  7:45  Marine x2  
  104  7:46  Marine, Siege Tank  
  104  7:47  Medivac  
  104  7:48  Medivac  
  114  7:52  Supply Depot  
  114  7:56  Marine  
  114  7:57  Supply Depot  
  116  7:58  SCV x3  
  118  8:06  Marine x5  
  118  8:07  Marine  
  118  8:11  Marine, Armory  
  125  8:14  Marine x2  
  125  8:19  Marine x2  
  127  8:20  Marine  
  127  8:21  Siege Tank  
  127  8:24  Marine, Medivac  
  136  8:27  Marine x2  
  136  8:32  Marine x3  
  136  8:33  Supply Depot  
  141  8:42  Supply Depot  
  141  8:50  Command Center  
Tags
 
Add a new tag
Caveats
  • Supply blocks, unpowered buildings, or Contaminate may cause inaccurate times.
  • Supply counts are checked every 10 seconds.